 Dungeon Crawl Stone Soup version 0.31-b1-17-gcfd88c8481 (webtiles) character file.

Game seed: 5734445378312908047

56925 StoneDemon the Thaumaturge (level 14, -9/96 HPs)
             Began as a Demonspawn Earth Elementalist on Jan 15, 2024.
             Was a High Priest of Dithmenos.
             Mangled by a bone dragon (10 damage)
             ... on level 1 of the Abyss.
             The game lasted 01:05:40 (29028 turns).

StoneDemon the Thaumaturge (DsEE)                  Turns: 29028, Time: 01:05:40

Health: -9/96      AC:  9    Str:  8    XL:     14   Next: 43%
Magic:  33/40      EV: 21    Int: 19    God:    Dithmenos [*****.]
Gold:   559        SH:  0    Dex: 23    Spells: 2/40 levels left

rFire   . . .        J - +5 short sword of Nuidiumn {flame, rPois}
rCold   . . .        z - orb {*channel}
rNeg    . . .        M - +3 troll leather armour {Snorg}
rPois   +            (helmet unavailable)
rElec   .            D - +2 cloak {Stlth+}
rCorr   .            (no gloves)
SInv    +            (no boots)
Will    +....        y - amulet of regeneration
Stlth   +++++        K - ring of magical power
HPRegen 1.96/turn    G - ring "Jecukk" {EV+5 Int+3 Dex+4 Slay+3 Stlth+}
MPRegen 0.27/turn

%: channel magic (20%)
@: confused, ambrosia-drunk, wreathed by umbra, invisible
A: antennae 3, hooves 1, foul stench 2, spiny 2, demonic touch 1
a: Renounce Religion, Shadow Step, Shadow Form


You were on level 1 of the Abyss.
You worshipped Dithmenos.
Dithmenos was extremely pleased with you.
You visited 4 branches of the dungeon, and saw 19 of its levels.
You visited the Abyss 1 time.
You also visited: Bailey.

You collected 1442 gold pieces.
You spent 883 gold pieces at shops.

Inventory:

Hand Weapons
 J - the +5 short sword of Nuidiumn (weapon) {flame, rPois}
   (You found it on level 2 of the Lair of Beasts)

   rPois:     It protects you from poison
Missiles
 g - a curare-tipped dart
 l - a throwing net
Armour
 z - an orb of energy (worn)
 D - a +2 cloak of stealth (worn)
 M - a +3 troll leather armour (worn) {Snorg}
Jewellery
 a - a ring of ice
 v - a ring of fire
 y - an amulet of regeneration (around neck)
 G - the ring "Jecukk" (right hand) {EV+5 Int+3 Dex+4 Slay+3 Stlth+}
   (You found it on level 11 of the Dungeon)

   [ring of evasion]

   EV+5:      It affects your evasion (+5).
   Int+3:     It affects your intelligence (+3).
   Dex+4:     It affects your dexterity (+4).
   Slay+3:    It affects your accuracy & damage with ranged weapons and melee
   (+3).
   Stlth+:    It makes you more stealthy.
 K - a ring of magical power (left hand)
Wands
 b - a wand of paralysis (17)
 c - a wand of digging (6)
 w - a wand of flame (12)
 F - a wand of mindburst (6)
Scrolls
 d - a scroll of immolation
 f - 4 scrolls of enchant armour
 k - 3 scrolls of noise
 m - 2 scrolls of poison
 p - 5 scrolls of teleportation
 q - a scroll of fear
 s - 2 scrolls of vulnerability
 u - a scroll of blinking
 C - a scroll of amnesia
 L - a scroll of revelation
Potions
 e - 3 potions of brilliance
 h - 3 potions of attraction
 i - a potion of berserk rage {unknown}
 n - 3 potions of mutation
 o - 10 potions of curing
 x - a potion of might {unknown}
 B - 2 potions of magic
 E - a potion of enlightenment
 H - 2 potions of haste {unknown}


   Skills:
 + Level 4.7 Fighting
 + Level 2.6 Short Blades
 + Level 0.4 Throwing
 + Level 1.6 Armour
 + Level 6.8 Dodging
 + Level 5.6 Stealth
 + Level 1.4 Shields
 + Level 13.6 Spellcasting
 + Level 12.3 Conjurations
 + Level 12.6 Earth Magic
 + Level 0.2 Alchemy
 + Level 2.5 Evocations


You had 2 spell levels left.
You knew the following spells:

 Your Spells              Type           Power      Damage    Failure   Level
a - Sandblast             Erth           100%       2d20      1%          1
b - Stone Arrow           Conj/Erth      100%       3d13      1%          3
c - Petrify               Alch/Erth      37%        N/A       14%         4
d - Brom's Barrelling Bo  Conj/Erth      57%        2d7       3%          4
e - Passwall              Erth           57%        N/A       1%          3
f - Mephitic Cloud        Conj/Alch/Air  28%        N/A       12%         3
g - Lehudib's Crystal Sp  Conj/Erth      28%        10d8      99%         8
h - Animate Armour        Summ/Erth      72%        N/A       16%         4
i - Iskenderun's Mystic   Conj/Tloc      36%        2d9       17%         4
j - Fulminant Prism       Conj/Alch      18%        3d10      16%         4

Your spell library contained the following spells:

 Spells                   Type           Power      Damage    Failure   Level
 Magic Dart               Conj           100%       1d8       1%          1
 Searing Ray              Conj           100%       2d8       1%          2
 Mercury Vapours          Alch/Air       26%        N/A       26%         2
 Sublimation of Blood     Necr           12%        N/A       26%         2
 Dazzling Flash           Conj/Hex       72%        N/A       8%          3
 Irradiate                Conj/Alch      18%        3d17      34%         5
 Fugue of the Fallen      Necr           12%        N/A       43%         3
 Inner Flame              Hex/Fire       12%        N/A       43%         3
 Ozocubu's Armour         Ice            12%        N/A       43%         3
 Tukima's Dance           Hex            12%        N/A       43%         3
 Volatile Blastmotes      Fire/Tloc      24%        2d12      43%         3
 Freezing Cloud           Conj/Ice/Air   14%        6-21      58%         5
 Dimensional Bullseye     Hex/Tloc       6%         N/A       78%         4
 Manifold Assault         Tloc           12%        N/A       78%         4
 Curse of Agony           Necr           12%        N/A       97%         5
 Silence                  Hex/Air        6%         N/A       97%         5
 Sculpt Simulacrum        Ice/Alch       6%         N/A       100%        6
 Ozocubu's Refrigeration  Ice            6%         4d8       100%        7
 Ignition                 Fire           6%         3d4       100%        8
 Polar Vortex             Ice            6%         N/A       100%        9


Dungeon Overview and Level Annotations

Branches:
Dungeon (13/15)            Temple (1/1) D:7            Lair (3/5) D:10
  Swamp (0/4) Lair:3       Spider (0/4) Lair:2          Orc (2/2) D:10
 Bailey (visited)
    Elf: Orc:2       Vaults: D:13-14

Altars:
Ashenzari
Cheibriados
Dithmenos
Fedhas
Gozag
Hepliaklqana
Kikubaaqudgha
Makhleb
Nemelex Xobeh
Okawaru
Qazlal
Ru
Sif Muna
Trog
Uskayaw
Vehumet
Wu Jian
Xom
Yredelemnul

Shops:
D:1 !   D:7 ?   D:8 :   D:10 [

Annotations:
Orc:2 Erolcha


Innate Abilities, Weirdness & Mutations

You have a pair of large antennae on your head. (SInv)
You have large cloven feet.
You sometimes emit foul miasma when damaged in melee.
You are mostly covered in sharp spines.
Your touch may inflict minor irresistible damage on your foes.


Message History

The bone dragon claws you.
The bone dragon tramples you but does no damage.
The golden eye blinks at you. You resist with almost no effort.
You bump into the rock wall.
The golden eye blinks at you.
You are more confused.
The bone dragon bites you!!
* * * LOW HITPOINT WARNING * * *
The bone dragon claws you!
* * * LOW HITPOINT WARNING * * *
You emit a cloud of foul miasma!
The bone dragon misses you.
You bump into the stone wall.
The golden eye blinks at you. You resist with some effort.
The bone dragon bites you.
* * * LOW HITPOINT WARNING * * *
The bone dragon claws you!
* * * LOW HITPOINT WARNING * * *
The bone dragon closely misses you.
Okay, then.
You are too confused!
You bump into the stone wall.
The golden eye blinks at you. You resist with almost no effort.
The bone dragon bites you but does no damage.
The bone dragon claws you.
* * * LOW HITPOINT WARNING * * *
The bone dragon tramples you but does no damage.
The golden eye blinks at you.
You are more confused.
The bone dragon is struck by your spines.
The bone dragon bites you.
* * * LOW HITPOINT WARNING * * *
The bone dragon misses you. x2
A golden eye comes into view.
You're too confused to cast spells.
The bone dragon bites you!!
* * * LOW HITPOINT WARNING * * *
The bone dragon claws you!
You die...

.. . #.. #.
. .#. #.# ##
...x . ..#
...##
.###...#
,#..##.....#
,#GD..#
#.,#@.#...#
#{G##.....#
, ..#.
#.#.###
....# #.#.#
.... # #.. .
..# ,G# ..
.. ..# .# ##


You could see a bone dragon, a small abomination (wandering, unable to see you)
and 2 golden eyes.

Vanquished Creatures
  Snorg (D:12)
  An ettin (D:11)
  Harold (D:10)
  A rakshasa (D:13)
  Fannar (Lair:3)
  A hydra (Lair:2)
  Erica (D:10)
  6 two-headed ogres
  A centaur warrior (D:11)
  7 boulder beetles
  3 death yaks
  Urug (D:10)
  Amaemon (D:10)
  A wretched star (Abyss:1)
  Pikel (D:8)
  An orc knight (D:11)
  A wolf spider (Lair:2)
  3 ugly things
  A worldbinder (Abyss:1)
  A kobold blastminer (Orc:1)
  5 cyclopes
  5 manticores
  16 elephants
  2 black mambas (Lair:2)
  An orange demon (D:10)
  A gargoyle (D:11)
  3 smoke demons (Abyss:1)
  4 cane toads
  2 rime drakes
  14 komodo dragons
  The ghost of NebNova the Magician, a novice DjFE of Hepliaklqana (D:3)
  A troll (D:11)
  3 starcursed masses (Abyss:1)
  A tyrant leech (Lair:3)
  10 blink frogs
  Sigmund (D:2)
  4 slime creatures
  A shadow (D:11)
  The ghost of scottley the Ruffian, an amateur TrFi (D:3)
  4 small abominations (Abyss:1)
  4 wyverns
  23 yaks
  A vampire (D:11)
  2 wraiths
  13 vampire mosquitoes
  2 basilisks
  A redback (Lair:2)
  4 steam dragons
  5 acid dragons
  The ghost of max260 the Conjurer, an amateur KoCj (D:3)
  6 water moccasins
  Duvessa (D:6)
  22 orc warriors
  An ice beast (D:7)
  10 wolves
  An ogre (Orc:1)
  The ghost of tab the Changeling, an amateur DgSh (D:3)
  13 centaurs
  2 lemures (D:8)
  3 kobold brigands
  A gnoll sergeant (D:11)
  A scorpion (D:10)
  6 bullfrogs
  10 wights
  Dowan (D:6)
  16 killer bees
  An electric eel (Lair:3)
  2 howler monkeys
  4 jellies
  A crimson imp (Abyss:1)
  2 quasits (Abyss:1)
  2 bombardier beetles (D:5)
  14 orc priests
  A gnoll bouda (D:8)
  3 hounds
  2 iguanas (D:6)
  23 orc wizards
  2 sleepcaps
  Natasha (thrice) (D:2)
  Ijyb (D:5)
  8 gnolls
  5 adders
  2 shadow imps
  4 ufetubi (Abyss:1)
  2 ribbon worms
  2 dart slugs
  92 orcs
  6 bats
  5 endoplasms
  A giant cockroach (D:2)
  5 goblins
  8 hobgoblins
  13 jackals
  28 kobolds
  3 quokkas
  5 ball pythons
  5 rats
521 creatures vanquished.

Vanquished Creatures (others)
  A lemure (D:8)
  An orc (D:8)
  A fulminant prism (D:13)
3 creatures vanquished.

Grand Total: 524 creatures vanquished

Notes
Turn   | Place    | Note
-------+----------+-------------------------------------------
     0 | D:1      | StoneDemon the Demonspawn Earth Elementalist began the
                  | quest for the Orb.
     0 | D:1      | Reached XP level 1. HP: 13/13 MP: 3/3
    96 | D:1      | Found Otiasauc's Distillery.
   425 | D:1      | Gained mutation: You may rarely emit foul miasma when
                  | damaged in melee. [demonic ancestry]
   425 | D:1      | Reached XP level 2. HP: 19/19 MP: 3/5
  1471 | D:2      | Discovered your monstrous ancestry.
  1471 | D:2      | Gained mutation: You have large cloven feet. [demonic
                  | ancestry]
  1471 | D:2      | Reached XP level 3. HP: 24/24 MP: 4/6
  1897 | D:2      | Noticed Natasha
  1902 | D:2      | Killed Natasha
  1952 | D:2      | Noticed Natasha
  1959 | D:2      | Killed Natasha
  1960 | D:2      | Gained mutation: Your touch may inflict minor irresistible
                  | damage on your foes. [demonic ancestry]
  1960 | D:2      | Reached XP level 4. HP: 30/30 MP: 3/8
  2030 | D:2      | Noticed Sigmund
  2040 | D:2      | Killed Sigmund
  2041 | D:2      | Reached skill level 4 in Spellcasting
  2041 | D:2      | Gained mutation: You have a pair of small antennae on your
                  | head. [demonic ancestry]
  2041 | D:2      | Reached XP level 5. HP: 36/36 MP: 1/11
  2053 | D:2      | Noticed Natasha
  2163 | D:2      | Found an iron altar of Okawaru.
  2215 | D:2      | Killed Natasha
  2216 | D:2      | Reached XP level 6. HP: 42/42 MP: 7/12
  2379 | D:2      | Learned a level 3 spell: Stone Arrow
  2384 | D:2      | Learned a level 4 spell: Petrify
  2389 | D:2      | Learned a level 4 spell: Brom's Barrelling Boulder
  2645 | D:3      | Found a runed translucent gate.
  2646 | D:3      | Found a runed translucent gate.
  2647 | D:3      | Found a runed translucent gate.
  2648 | D:3      | Noticed max260's ghost (amateur KoCj)
  2649 | D:3      | Noticed scottley's ghost (amateur TrFi)
  2649 | D:3      | Noticed tab's ghost (amateur DgSh)
  2649 | D:3      | Noticed NebNova's ghost (novice DjFE)
  3939 | D:4      | Found a hazy altar of Hepliaklqana.
  3954 | D:4      | Found a broken altar of Ashenzari.
  4426 | D:5      | Entered Level 5 of the Dungeon
  4426 | D:5      | Noticed Ijyb
  4706 | D:5      | Reached skill level 5 in Earth Magic
  4832 | D:5      | Noticed a water moccasin
  4835 | D:5      | Gained mutation: You are partially covered in sharp spines.
                  | [demonic ancestry]
  4835 | D:5      | Reached XP level 7. HP: 47/47 MP: 11/14
  4838 | D:5      | Reached skill level 5 in Spellcasting
  5562 | D:5      | Paralysed by Ijyb for 2 turns
  5566 | D:5      | Killed Ijyb
  5968 | D:5      | Learned a level 3 spell: Passwall
  6084 | D:1      | Bought 2 potions of enlightenment for 130 gold pieces
  6084 | D:1      | Bought a potion of curing for 39 gold pieces
  6244 | D:6      | Noticed Duvessa
  6351 | D:6      | Reached XP level 8. HP: 51/53 MP: 6/16
  6957 | D:6      | Noticed Dowan
  6960 | D:6      | Killed Dowan
  6961 | D:6      | Reached skill level 1 in Fighting
  7311 | D:6      | Reached skill level 6 in Spellcasting
  7430 | D:6      | Paralysed by an orc priest for 4 turns
  7574 | D:6      | Killed Duvessa
  8218 | D:6      | Found a shimmering altar of Xom.
  8898 | D:7      | Found a transporter.
  9032 | D:7      | Found a transporter.
  9038 | D:7      | Found Doiromn's Magic Scroll Shoppe.
  9054 | D:7      | Gained mutation: You sometimes emit foul miasma when
                  | damaged in melee. [demonic ancestry]
  9054 | D:7      | Reached XP level 9. HP: 46/61 MP: 15/19
  9087 | D:7      | Reached skill level 1 in Shields
  9287 | D:7      | Found a staircase to the Ecumenical Temple.
  9292 | D:7      | Reached skill level 7 in Spellcasting
  9299 | Temple   | Entered the Ecumenical Temple
  9303 | Temple   | Became a worshipper of Dithmenos the Shadowed
  9822 | D:7      | Bought a scroll of blinking for 90 gold pieces
  9912 | D:7      | Found a burning altar of Makhleb.
  9915 | D:7      | Noticed a cacodemon
  9939 | D:7      | Noticed an angel
 10058 | D:8      | Reached skill level 5 in Conjurations
 10356 | D:8      | You fall into a shaft and drop 2 floors!
 10356 | D:10     | Entered Level 10 of the Dungeon
 10363 | D:10     | Noticed Harold
 10364 | D:10     | Noticed an orange demon
 10365 | D:10     | Noticed Amaemon
 10367 | D:10     | Paralysed by Amaemon for 4 turns
 10370 | D:10     | Noticed a two-headed ogre
 10372 | D:10     | Found Hyexaenu's Antique Armour Shop.
 10386 | D:9      | HP: 1/61 [orc warrior/+0 glaive (14)]
 10419 | D:9      | Noticed a two-headed ogre
 10443 | D:8      | Found a flagged portal.
 10452 | Bailey   | Entered a bailey
 10673 | Bailey   | Reached * piety under Dithmenos
 10777 | Bailey   | Reached skill level 8 in Spellcasting
 11644 | Bailey   | Gained mutation: You have a pair of antennae on your head.
                  | [demonic ancestry]
 11644 | Bailey   | Reached XP level 10. HP: 60/67 MP: 18/22
 11893 | Bailey   | Reached skill level 1 in Short Blades
 12361 | D:8      | Noticed Pikel
 12365 | D:8      | Reached skill level 1 in Evocations
 12366 | D:8      | Noticed a cyclops
 12372 | D:8      | Killed Pikel
 12375 | D:8      | Killed a cyclops
 12479 | D:8      | Found Vuarox's Tiny Tomes.
 12480 | D:8      | Identified the +3 scale mail "Gavikyff" {*Slow rCorr Str-2
                  | Int+8}
 13310 | D:3      | Killed NebNova's ghost
 13310 | D:3      | Reached ** piety under Dithmenos
 13318 | D:3      | Killed scottley's ghost
 13319 | D:3      | Reached skill level 9 in Spellcasting
 13319 | D:3      | Killed tab's ghost
 13327 | D:3      | Killed max260's ghost
 14112 | D:8      | Killed a two-headed ogre
 14251 | D:9      | Gained mutation: You are mostly covered in sharp spines.
                  | [demonic ancestry]
 14251 | D:9      | Reached XP level 11. HP: 61/74 MP: 7/24
 14434 | D:9      | Learned a level 3 spell: Mephitic Cloud
 14443 | D:9      | Learned a level 8 spell: Lehudib's Crystal Spear
 14497 | D:9      | Found a shimmering blue altar of Sif Muna.
 15192 | D:9      | Reached *** piety under Dithmenos
 15857 | D:9      | Killed a two-headed ogre
 15895 | D:10     | Noticed a two-headed ogre
 15902 | D:10     | Killed a two-headed ogre
 15938 | D:10     | Killed Harold
 15939 | D:10     | Reached skill level 10 in Spellcasting
 16107 | D:10     | Found an ornate altar of the Wu Jian Council.
 16208 | D:10     | Noticed Erica
 16213 | D:10     | Killed Erica
 16214 | D:10     | Reached skill level 5 in Dodging
 16490 | D:10     | Found a staircase to the Lair.
 16603 | D:10     | Noticed Urug
 16606 | D:10     | Noticed a two-headed ogre
 16609 | D:10     | Killed a two-headed ogre
 16613 | D:10     | Killed Urug
 16809 | D:10     | Found an iron altar of Okawaru.
 16833 | D:10     | Found a staircase to the Orcish Mines.
 16901 | D:10     | Killed Amaemon
 17056 | D:10     | Found a blossoming altar of Fedhas.
 17541 | Orc:1    | Entered Level 1 of the Orcish Mines
 17550 | Orc:1    | Reached XP level 12. HP: 81/81 MP: 5/26
 17745 | Lair:1   | Entered Level 1 of the Lair of Beasts
 17755 | Lair:1   | Reached skill level 10 in Earth Magic
 17809 | Lair:1   | Reached skill level 11 in Spellcasting
 18053 | Lair:1   | HP: 3/81 [yak (12)]
 18134 | Lair:1   | Reached **** piety under Dithmenos
 18297 | Lair:1   | HP: 3/83 [elephant (16)]
 19956 | D:11     | Reached skill level 10 in Conjurations
 20154 | D:11     | Noticed a boulder beetle
 20162 | D:11     | Killed a boulder beetle
 20432 | D:11     | Reached skill level 12 in Spellcasting
 20475 | D:11     | Noticed a boulder beetle
 20484 | D:11     | Killed a boulder beetle
 20612 | D:11     | Noticed a centaur warrior
 20616 | D:11     | Killed a centaur warrior
 20617 | D:11     | Reached XP level 13. HP: 80/88 MP: 22/29
 21689 | D:11     | Noticed an ettin
 21693 | D:11     | Killed an ettin
 21694 | D:11     | Reached skill level 5 in Stealth
 21839 | D:11     | Identified the ring "Jecukk" {EV+5 Int+3 Dex+4 Slay+3
                  | Stlth+}
 21969 | D:11     | Learned a level 4 spell: Animate Armour
 22578 | Lair:2   | Reached ***** piety under Dithmenos
 23104 | Lair:2   | Identified the +5 short sword of Nuidiumn {flame, rPois}
 23283 | Lair:2   | Found a hole to the Spider Nest.
 23485 | Lair:2   | Reached skill level 13 in Spellcasting
 23755 | Lair:2   | Learned a level 4 spell: Iskenderun's Mystic Blast
 23760 | Lair:2   | Learned a level 4 spell: Fulminant Prism
 24343 | Lair:3   | Found a staircase to the Swamp.
 24558 | Lair:3   | Noticed Fannar
 24567 | Lair:3   | Killed Fannar
 24986 | D:7      | Bought a scroll of acquirement for 624 gold pieces
 24986 | D:7      | Acquired a ring of magical power
 25257 | D:12     | Noticed Snorg
 25261 | D:12     | Gained mutation: You have a pair of large antennae on your
                  | head. (SInv) [demonic ancestry]
 25261 | D:12     | Reached XP level 14. HP: 96/96 MP: 31/31
 25264 | D:12     | Killed Snorg
 27493 | D:13     | Reached skill level 1 in Armour
 28515 | Orc:2    | Entered Level 2 of the Orcish Mines
 28523 | Orc:2    | Noticed Erolcha
 28532 | Abyss:1  | Cast into level 1 of the Abyss (Erolcha)
 28726 | Abyss:1  | Noticed a bone dragon
 28743 | Abyss:1  | Found a candlelit altar of Ignis.
 29000 | Abyss:1  | Noticed a bone dragon
 29028 | Abyss:1  | HP: 1/96 [bone dragon (20)]
 29028 | Abyss:1  | Mangled by a bone dragon

Illustrated notes

Levels and vault maps discovered:
D:1:      scummos_arrival_checkerplants, layout_basic, serial_shops,
          nicolae_shop_tiny_statue_garden, minmay_misc_feat_iff
D:2:      layout_basic, basic_altar, uniq_sigmund, uniq_natasha
D:3:      layout_loops_cross, mainiacjoe_overflow_six_doors_small,
          gammafunk_ghost_cemetery, minivault_4
D:4:      layout_cave_pods, jmf_multi_god_temple2,
          nicolae_concentric_dashed_squares_mild
D:5:      layout_cave_pods, uniq_ijyb
D:6:      layout_cave_pools, mainiacjoe_overflow_paths, eino_curves_04,
          uniq_duvessa
D:7:      gammafunk_cloud_chamber, layout_cave_pools,
          grunt_temple_overflow_order_and_chaos_2,
          minmay_temple_entry_proselytizer, serial_shops, shop
D:8:      layout_loops_cross, enter_bailey_3, minivault_23,
          nicolae_shop_i_like_small_books_too, minmay_starry_boxes, uniq_pikel
D:9:      layout_loops_cross, kennysheep_mini, serial_rivers,
          chequers_serial_rivers_micro_e, chequers_serial_rivers_large_a,
          chequers_serial_rivers_room_b, chequers_serial_rivers_micro_e,
          chequers_serial_rivers_micro_e, minmay_orc_keep
D:10:     layout_cave_pods, nzn_wu_jian_council_hall, fedhas_altar_fruit_tree,
          mainiacjoe_overflow_small_starburst, grunt_lair_entry_orc_guard_hut,
          orc_0_dummy, serial_shops, nicolae_stop_n_shop_1, serial_park,
          serial_park_avenue1, serial_park_tiny_1, uniq_amaemon, uniq_urug,
          uniq_harold, uniq_erica
D:11:     nzn_winding_woodlands_stair_cross
          [nzn_winding_woodlands_5x15_pathside_ponds,
          nzn_winding_woodlands_center_lodge, nzn_winding_woodlands_5x15_eye,
          nzn_winding_woodlands_hourglass, nzn_winding_woodlands_5x5_open_star,
          nzn_winding_woodlands_5x15_pockets,
          nzn_winding_woodlands_center_diamonds,
          nzn_winding_woodlands_5x15_crooked], layout_basic
D:12:     layout_basic, minmay_misc_feat_rugged, uniq_snorg
D:13:     layout_irregular_city, serial_glass, glass_columns_b, glass_columns_a,
          st_stairs_13
Temple:   nicolae_temple_x_marks_the_god
Lair:1:   layout_chaotic_city
Lair:2:   layout_gridlike, spider_nest_entry_rubble,
          nicolae_quartered_pool_medium, grunt_megastairs_4
Lair:3:   layout_roguey, minmay_swamp_entry_worms, st_stairs_13,
          serial_bayou_shore_a, uniq_fannar
Orc:1:    layout_caves, serial_shops
Orc:2:    grunt_orc_tribal_feast, layout_diamond_mine, uniq_erolcha
Abyss:1:  base:
D:14

Skill      XL: |  1  2  3  4  5  6  7  8  9 10 11 12 13 14 |
---------------+-------------------------------------------+-----
Stealth        | 2 3 4 5 |  5.6
Earth Magic    | 3 4 5 6 7 8 9 11 12 | 12.6
Dodging        | 2 3 4 5 6 |  6.8
Spellcasting   | 4 5 6 8 9 10 12 13 | 13.6
Conjurations   | 2 4 5 7 9 10 11 12 | 12.3
Fighting       | 1 2 3 4 |  4.7
Shields        | 1 |  1.4
Short Blades   | 1 2 |  2.6
Evocations     | 2 |  2.5
Armour         | 1 |  1.6
Throwing       | |  0.4
Alchemy        | |  0.2

Action                     |  1- 3 |  4- 6 |  7- 9 | 10-12 | 13-15 || total
---------------------------+-------+-------+-------+-------+-------++-------
  Melee: Dagger            |    13 |     9 |    38 |    61 |    39 ||   160
         Kick              |     3 |     3 |    10 |    25 |    33 ||    74
         Short sword       |       |       |       |       |    27 ||    27
  Throw: Throwing net      |       |       |       |     1 |     6 ||     7
         Dart              |       |       |       |       |     2 ||     2
   Cast: Sandblast         |    60 |    81 |    30 |       |       ||   171
         Stone Arrow       |       |       |   165 |   324 |   325 ||   814
         Fulminant Prism   |       |       |       |       |     1 ||     1
         Animate Armour    |       |       |       |       |     1 ||     1
  Evoke: Wand              |       |       |     9 |    27 |       ||    36
    Use: Scroll            |       |     7 |    10 |     7 |     8 ||    32
         Potion            |       |       |     7 |     5 |     4 ||    16
   Stab: Sleeping          |     3 |     5 |     1 |     1 |     9 ||    19
         Paralysed         |       |       |       |     3 |       ||     3
 Armour: Robe              |    19 |    35 |    22 |       |       ||    76
         Steam dragon scal |       |       |    73 |   170 |    70 ||   313
         Troll leather arm |       |       |       |       |    68 ||    68
  Dodge: Dodged            |    34 |    47 |    86 |   190 |   275 ||   632
  Block: Buckler           |       |       |    24 |       |       ||    24
